 Dungeon Crawl Stone Soup version 0.31.0-11-ge490571c62 (webtiles) character file.

Game seed: 1199710476019997529

3766 inmateoo the Cleaver (level 9, -1/81 HPs)
             Began as a Minotaur Fighter on Feb 2, 2024.
             Constricted to death by Erica (2 damage)
             ... on level 8 of the Dungeon.
             The game lasted 00:07:33 (6061 turns).

inmateoo the Cleaver (Minotaur Fighter)             Turns: 6061, Time: 00:07:34

Health: -1/81      AC: 16    Str: 30    XL:     9   Next: 94%
Magic:  0/8        EV: 10    Int:  5    God:
Gold:   365        SH:  7    Dex: 11    Spells: 8/8 levels left

rFire   + . .        b - +2 hand axe (freeze)
rCold   + . .        w - +2 buckler {rC+}
rNeg    . . .        c - +2 ring mail {rF+}
rPois   .            (helmet restricted)
rElec   .            E - +0 cloak
rCorr   .            f - +1 pair of gloves
SInv    .            (no boots)
Will    .....        v - amulet of guardian spirit
Stlth   +            e - +4 ring of protection
HPRegen 0.33/turn    n - +6 ring of strength
MPRegen 0.11/turn

%: guardian spirit
@: lethally poisoned (-1 -> -4), constricted
A: horns 2, retaliatory headbutt
a: no special abilities


You were on level 8 of the Dungeon.
You visited 1 branch of the dungeon, and saw 8 of its levels.
You also visited: Ossuary and Bailey.

You collected 365 gold pieces.

Inventory:

Hand Weapons
 a - a +1 war axe
 b - a +2 hand axe of freezing (weapon)
Missiles
 p - a throwing net (quivered)
Armour
 c - a +2 ring mail of fire resistance (worn)
 f - a +1 pair of gloves (worn)
 w - a +2 buckler of cold resistance (worn)
 E - a +0 cloak (worn)
Jewellery
 e - a +4 ring of protection (left hand)
 n - a +6 ring of strength (right hand)
 v - an amulet of guardian spirit (around neck)
 A - a ring of positive energy
Wands
 k - a wand of mindburst (16)
 q - a wand of roots (16)
Scrolls
 i - 2 scrolls of teleportation
 r - a scroll of enchant weapon
 s - a scroll of torment
 t - a scroll of identify
 y - 2 scrolls of revelation
 z - a scroll of fog {unknown}
 D - a scroll of poison
 F - a scroll of immolation
Potions
 d - 3 potions of might
 g - 2 potions of curing
 h - 2 potions of brilliance
 j - 3 potions of enlightenment
 l - a potion of heal wounds
 m - 2 potions of magic
 o - 6 potions of lignification
 u - a potion of ambrosia
 x - 2 potions of haste
 B - 2 potions of resistance
 C - 2 potions of mutation


   Skills:
 + Level 7.9 Fighting
 * Level 10.2 Axes
 + Level 8.0 Armour
 + Level 6.0 Dodging
 + Level 7.9 Shields


You had 8 spell levels left.
You didn't know any spells.
Your spell library contained the following spells:

 Spells                   Type           Power      Damage    Failure   Level
 Apportation              Tloc           0%         N/A       63%         1
 Necrotise                Necr           0%         1d4       63%         1
 Sting                    Conj/Alch      0%         1d3       63%         1
 Summon Small Mammal      Summ           0%         N/A       63%         1
 Call Canine Familiar     Summ           0%         N/A       94%         3
 Sigil of Binding         Hex            0%         N/A       94%         3
 Dimensional Bullseye     Hex/Tloc       0%         N/A       100%        4


Dungeon Overview and Level Annotations

Branches:
Dungeon (8/15)             Temple (0/1) D:5         Ossuary (visited)
 Bailey (visited)
   Lair: D:8-11

Altars:
Dithmenos
Nemelex Xobeh
Qazlal
Trog

Shops:
D:4 [   D:6 :

Annotations:
D:8 Erica


Innate Abilities, Weirdness & Mutations

You have a pair of horns on your head.
You reflexively headbutt those who attack you in melee.


Message History

You feel very sick. The orc attacks as it pursues you!
The orc barely misses you.
You feel very sick.
The orc wizard casts a spell.
The orc wizard flickers and vanishes!
Deactivating autopickup; reactivate with Ctrl-A.
A wight comes into view. It is wielding a +3 flail.
The orc hits you from afar with a +0 trident.
Erica misses you. Erica grabs you. Erica constricts you.
You escape Erica's grasp.
You feel sick.
You feel sick. Erica hits you but does no damage. Erica grabs you.
Erica constricts you.
Things that are here:
a +0 club; an orc corpse You bump into the rock wall.
You feel sick. The orc hits you but does no damage.
Erica says, "Fast and perfect.
Such is my way of killing."
Erica barely misses you. Erica constricts you.
You're too confused to move!
You feel less confused.
You feel sick. Something hits you but does no damage.
Erica hits you with a +0 scimitar of flaming.
Erica burns you. Erica constricts you.
* * * LOW HITPOINT WARNING * * *
The orc hits you from afar with a +0 trident.
* * * LOW HITPOINT WARNING * * *
You escape Erica's grasp.
You feel sick. The orc hits you but does no damage. Erica barely misses you.
You furiously retaliate!
You headbutt Erica! Erica grabs you. Erica constricts you.
* * * LOW HITPOINT WARNING * * *
Erica's grasp on you weakens, but your attempt to escape fails.
You feel sick. Something hits you but does no damage.
You block the orc's attack.
Erica hits you with a +0 scimitar of flaming!!
* * * LOW HITPOINT WARNING * * *
Erica burns you.
* * * LOW HITPOINT WARNING * * *
Erica constricts you.
You die...
Erica begins burbling mirthfully and uncontrollably.

..#...##...#. .#...#..##
#.###.#...#...#...#...#
##.....#.#.#.#.#.#...##
#......#.#.#.#.#.#....###
...#.....#.#.#.#
#.#......# #......#...#
.#....<... #.....##...#
.#........
....#.###.#...#
..#........
...###...x@#.#.
.###....#.. ### #...z.)#
###..#.. ...#..o..#
#..... .. #......#
......... #.....##
#.....### ..#.###? ###..#
..### .. ##. ### .. # ..#


You could see Erica, a wight and an orc.

Vanquished Creatures
  Maurice (D:8)
  A gargoyle (Bailey)
  A vampire (Bailey)
  A wyvern (D:7)
  Eustachio (D:4)
  An acid dragon (D:6)
  A water moccasin (D:7)
  A sky beast (D:6)
  5 ogres
  A phantom (D:6)
  An elf zombie (Ossuary)
  2 bullfrogs
  A scorpion (D:6)
  A howler monkey (D:5)
  8 vampire bats (Bailey)
  6 wolf zombies (Bailey)
  2 bombardier beetles
  2 centaur zombies (Ossuary)
  3 hounds
  A human zombie (Ossuary)
  An orc priest (D:4)
  A jelly (D:4)
  Jessica (D:2)
  3 iguanas
  A sleepcap (D:8)
  Ijyb (D:3)
  Natasha (twice) (D:2)
  An orc wizard (D:6)
  5 hound zombies (Ossuary)
  2 mummies (Ossuary)
  Robin (D:2)
  10 gnolls
  7 adders
  4 white imps
  3 adder zombies (Ossuary)
  10 dart slugs
  21 orcs
  9 endoplasms
  4 giant cockroaches
  8 gnoll zombies (Ossuary)
  16 goblins
  12 hobgoblins
  9 kobolds
  4 quokkas
  7 ball pythons
  5 bats
  A frilled lizard (D:1)
  8 jackal zombies (Ossuary)
  6 kobold zombies (Ossuary)
  25 orc zombies
  9 rats
238 creatures vanquished.

Vanquished Creatures (others)
  An arcanist (D:5)
1 creature vanquished.

Grand Total: 239 creatures vanquished

Notes
Turn   | Place    | Note
-------+----------+-------------------------------------------
     0 | D:1      | inmateoo the Minotaur Fighter began the quest for the Orb.
     0 | D:1      | Reached XP level 1. HP: 19/19 MP: 0/0
    89 | D:1      | Reached XP level 2. HP: 21/27 MP: 1/1
   223 | D:1      | Reached skill level 3 in Axes
   537 | D:1      | Found a faded altar of an unknown god.
   654 | D:2      | Noticed Jessica
   655 | D:2      | Killed Jessica
   656 | D:2      | Reached skill level 1 in Dodging
   656 | D:2      | Reached XP level 3. HP: 33/33 MP: 2/2
   758 | D:2      | Reached XP level 4. HP: 36/40 MP: 3/3
   876 | D:2      | Noticed Robin
   888 | D:2      | Killed Robin
  1091 | D:2      | Reached skill level 4 in Axes
  1110 | D:2      | Noticed Natasha
  1115 | D:2      | Killed Natasha
  1116 | D:2      | Reached XP level 5. HP: 47/47 MP: 4/4
  1186 | D:2      | Noticed Natasha
  1190 | D:2      | Killed Natasha
  1389 | D:3      | Noticed Ijyb
  1400 | D:3      | Killed Ijyb
  1976 | D:4      | Reached XP level 6. HP: 51/53 MP: 5/5
  1989 | D:4      | Reached skill level 5 in Axes
  2089 | D:4      | Found a shadowy altar of Dithmenos.
  2143 | D:4      | Reached skill level 5 in Armour
  2174 | D:4      | Found Veusona's Armour Boutique.
  2351 | D:4      | Found a stormy altar of Qazlal.
  2359 | D:4      | Found a sparkling altar of Nemelex Xobeh.
  2404 | D:4      | Identified the +7 lajatang "Beetlebane" {elec, Fly}
  2424 | D:5      | Entered Level 5 of the Dungeon
  2479 | D:5      | Reached skill level 5 in Fighting
  2479 | D:5      | Reached skill level 5 in Shields
  2499 | D:5      | Reached XP level 7. HP: 58/61 MP: 6/6
  2499 | D:5      | Noticed Eustachio
  2520 | D:4      | Killed Eustachio
  2521 | D:4      | Reached skill level 6 in Axes
  2843 | D:5      | Found a bloodstained altar of Trog.
  3007 | D:5      | Found a sand-covered staircase.
  3033 | D:5      | Noticed a wizard
  3037 | D:5      | Killed a wizard
  3068 | Ossuary  | Entered an ossuary
  3139 | Ossuary  | Reached XP level 8. HP: 70/70 MP: 7/7
  3185 | Ossuary  | Reached skill level 7 in Axes
  3339 | D:5      | Found a staircase to the Ecumenical Temple.
  3833 | D:6      | Reached skill level 8 in Axes
  4319 | D:6      | Found Pycyal's Book Emporium.
  4574 | D:7      | Reached XP level 9. HP: 71/78 MP: 5/8
  4684 | D:7      | Reached skill level 5 in Dodging
  5038 | D:7      | Found a flagged portal.
  5052 | Bailey   | Entered a bailey
  5127 | Bailey   | Noticed a gargoyle
  5139 | Bailey   | Killed a gargoyle
  5140 | Bailey   | Reached skill level 9 in Axes
  5507 | Bailey   | Identified the staff of the Slashing Bear {rElec rCorr Air}
  5906 | D:8      | Reached skill level 10 in Axes
  5938 | D:8      | Noticed Maurice
  5949 | D:8      | Maurice stole a throwing net
  5950 | D:8      | Maurice stole 340 gold
  5951 | D:8      | Maurice stole a ring of positive energy
  5952 | D:8      | Killed Maurice
  6049 | D:8      | Noticed Erica
  6061 | D:8      | HP: 3/81 [Erica/+0 scimitar of flaming (15)]
  6061 | D:8      | HP: 1/81 [Erica/+0 scimitar of flaming (2)]
  6061 | D:8      | Constricted to death by Erica

Illustrated notes

Levels and vault maps discovered:
D:1:      dpeg_arrival_three_same_balls, layout_loops_ring,
          basic_ecumenical_altar, minmay_misc_feat_alley
D:2:      layout_loops_cross, minmay_bisected, uniq_natasha, uniq_jessica,
          uniq_robin
D:3:      layout_basic, uniq_ijyb
D:4:      layout_cave_pools, kennysheep_mini, jmf_multi_god_temple2,
          serial_shops, nicolae_shop_window_shopping
D:5:      kennysheep_slugbush, layout_layer_cave, trog_wizard, temple_green,
          mainiacjoe_ossuary_entry_dusty_tomb, uniq_eustachio
D:6:      layout_cave_pods, nicolae_take_the_stairs
D:7:      layout_loops_ring, enter_bailey_7
D:8:      nicolae_BIG_FREAKIN_CUBE, layout_cave_pools,
          fedhas_altar_decomposition, uniq_joseph, uniq_maurice, uniq_erica

Skill      XL: |  1  2  3  4  5  6  7  8  9 |
---------------+----------------------------+-----
Axes           | 3 4 5 6 8 10 | 10.2
Fighting       | 4 5 6 7 |  7.9
Armour         | 4 5 6 8 |  8.0
Dodging        | 1 2 3 4 6 |  6.0
Shields        | 4 5 6 7 |  7.9

Action                     |  1- 3 |  4- 6 |  7- 9 || total
---------------------------+-------+-------+-------++-------
  Melee: War axe           |    51 |   137 |   150 ||   338
         Headbutt          |     3 |    18 |    82 ||   103
         Hand axe          |       |       |   194 ||   194
    Use: Scroll            |       |       |    22 ||    22
         Potion            |       |       |     2 ||     2
 Armour: Scale mail        |    41 |       |       ||    41
         Chain mail        |       |   100 |   204 ||   304
         Ring mail         |       |       |    60 ||    60
  Dodge: Dodged            |    33 |    53 |   185 ||   271
  Block: Buckler           |    12 |    26 |    88 ||   126
